 Dungeon Crawl Stone Soup version 0.31-a0-188-g5e087ee2ca (webtiles) character file.

Game seed: 15421865255160222994

28 qw the Shooter (level 3, -1/20 HPs)
             Began as a Deep Elf Hunter on June 23, 2023.
             Slain by a gnoll
             ... wielding a +0 flail
              (5 damage)
             ... on level 2 of the Dungeon.
             The game lasted 00:00:21 (1282 turns).

qw the Shooter (Deep Elf Hunter)                    Turns: 1282, Time: 00:00:21

Health: -1/20      AC:  5    Str: 10    XL:     3   Next: 0%
Magic:  5/5        EV: 11    Int: 13    God:
Gold:   48         SH:  0    Dex: 18    Spells: 2/2 levels left

rFire   . . .        Y - +2 shortbow
rCold   . . .        (shield currently unavailable)
rNeg    . . .        e - +0 ring mail
rPois   .            (no helmet)
rElec   .            (no cloak)
rCorr   .            (no gloves)
SInv    .            (no boots)
Will    .....        (no amulet)
Stlth   +            (no ring)
HPRegen 0.23/turn    (no ring)
MPRegen 0.09/turn

%: no passive effects
@: about to teleport
A: no striking features
a: no special abilities


You were on level 2 of the Dungeon.
You visited 1 branch of the dungeon, and saw 3 of its levels.

You collected 48 gold pieces.


   Skills:
 - Level 1.5 Fighting
 + Level 6.6 Ranged Weapons
 - Level 2.4 Dodging
 - Level 1.2 Stealth


You had 2 spell levels left.
You didn't know any spells.
Your spell library was empty.

Inventory:

Hand Weapons
 Y - a +2 shortbow (weapon)
Armour
 e - a +0 ring mail (worn)
Scrolls
 c - a scroll of identify
Potions
 f - a potion of curing
 g - a potion of attraction {unknown}
 h - a potion of heal wounds {unknown}
 i - a potion of magic {unknown}

Dungeon Overview and Level Annotations

Branches:
Dungeon (3/15)

Altars:


Message History

You hear a shout!
A gnoll comes into view. It is wielding a +0 flail.
You shoot an arrow. The arrow closely misses the bat.
The gnoll shouts!
The bat barely misses you.
A ball python comes into view.
You shoot an arrow. The arrow misses the bat.
The bat barely misses you. x2
A gnoll comes into view. It is wielding a +0 spear.
You shoot an arrow. The shadow imp shouts!
The arrow hits the orc.
You kill the orc!
The bat hits you.
You have reached level 3!
Your experience leads to an increase in your attributes!
Increase (S)trength, (I)ntelligence, or (D)exterity?
You feel stronger. x2
You shoot an arrow. The arrow misses the bat.
The bat misses you. The gnoll hits you with a +0 club.
1280 ||| STAIRDANCE The bat hits you but does no damage.
The gnoll closely misses you. The gnoll misses you.
The gnoll hits you with a +0 flail!
Ouch! That really hurt!
The bat hits you but does no damage.
The shadow imp grinds its teeth.
You climb upwards.
There is a stone staircase leading down here.
Enter note:
Enter note:
Enter note:
Enter note:
Enter note:
Enter note:
1282 ||| READING scroll of teleportation.
As you read the scroll of teleportation, it crumbles to dust.
You feel strangely unstable. The gnoll closely misses you.
The gnoll hits you but does no damage. The gnoll hits you with a +0 flail.
You die...

#.#.# #.##.##.........#
#.# #[#.#
#.##..###.###..## #.#
##.#.#
#.###..........########.##
##.#.#
#.###.#...>...............
.#.#.#
#.#.....#.####.########.#.
.#...###.#.....#.# #.#
#.#. .#.#.........>...#
#.# #...
..###.####.....g#####.#
#...
.#.#.#####....#g@.....#
#...
.#..####.......g#######
#... >#.............#####
#...
.##.####...........#####
#... .##.#
###.............# ###...
.##.# #.........###.#
#..... %##.# ##.##.##.##
#.# #.#... .##.# #.##.##.#
#.# #.##.# ###.# #.##.##.#
#.# #.##.#


You could see 3 gnolls.

Vanquished Creatures
  An adder (D:2)
  An orc (D:3)
  A goblin (D:1)
  3 hobgoblins (D:1)
  A quokka (D:1)
  2 ball pythons (D:1)
  5 bats
  A frilled lizard (D:1)
  A kobold (D:1)
  2 rats (D:1)
18 creatures vanquished.

Notes
Turn   | Place    | Note
-------+----------+-------------------------------------------
     0 | D:1      | qw the Deep Elf Hunter began the quest for the Orb.
     0 | D:1      | Reached XP level 1. HP: 12/12 MP: 3/3
     0 | D:1      | 0 ||| qw: Version: 0.3-a-9-g12657ce
     0 | D:1      | 0 ||| qw: Game counter: 3521
     0 | D:1      | 0 ||| qw: Always use a shield: true
     0 | D:1      | 0 ||| qw: God list: Okawaru
     0 | D:1      | 0 ||| qw: Allow faded altars: false
     0 | D:1      | 0 ||| qw: Do Orc after D:15 true
     0 | D:1      | 0 ||| qw: Do second Lair branch before Depths: true
     0 | D:1      | 0 ||| qw: Lair rune preference: random
     0 | D:1      | 0 ||| qw: Plans: Normal
     0 | D:1      | 0 ||| PLANNING D:1-11
   143 | D:1      | Reached XP level 2. HP: 16/16 MP: 4/4
   180 | D:1      | Reached skill level 6 in Ranged Weapons
   630 | D:1      | 630 ||| UPGRADING to +0 ring mail.
   640 | D:1      | 640 ||| DROPPING +0 leather armour.
   641 | D:1      | 641 ||| READING scroll labelled KUTUARGHIUQO.
   642 | D:1      | 642 ||| READING scroll labelled NEENAOTOZI.
   643 | D:1      | 643 ||| READING scroll labelled DUUSID KUOGEH.
   644 | D:1      | 644 ||| DROPPING scroll of butterflies.
  1248 | D:2      | 1248 ||| READING 2 scrolls labelled VELOPL LASO.
  1249 | D:2      | 1249 ||| READING scroll of enchant weapon.
  1249 | D:2      | 1249 ||| ENCHANTING +1 shortbow.
  1250 | D:2      | 1250 ||| READING 2 scrolls labelled XIEBUU WOLOUKK.
  1254 | D:2      | 1254 ||| READING scroll labelled AKALITHR CUTILA.
  1255 | D:2      | 1255 ||| READING 2 scrolls of identify.
  1255 | D:2      | 1255 ||| IDENTIFYING ruby potion
  1279 | D:3      | Reached XP level 3. HP: 19/20 MP: 5/5
  1280 | D:3      | 1280 ||| STAIRDANCE
  1280 | D:3      | HP: 3/20 [gnoll/+0 flail (12)]
  1282 | D:2      | 1282 ||| READING scroll of teleportation.
  1282 | D:2      | Slain by a gnoll

Levels and vault maps discovered:
D:1:      dpeg_arrival_arbitrary_a, layout_basic
D:2:      layout_loops_ring
D:3:      gammafunk_wand_slinger, layout_rooms, minmay_misc_feat_ornament

Skill      XL: |  1  2 |
---------------+-------+-----
Ranged Weapons | 6 |  6.6
Fighting       | |  1.5
Dodging        | |  2.4
Stealth        | |  1.2

Action                     || total
---------------------------++-------
   Fire: Shortbow          ||    54
    Use: Scroll            ||     9
 Armour: Leather armour    ||     5
         Ring mail         ||     5
  Dodge: Dodged            ||    12

Table legend:
 A = Non-vault XP
 B = Vault XP
 C = Vault XP percentage of total XP
 D = Non-vault monster count
 E = Vault monster count
 F = Vault count percentage of total count
                 A         B        C        D         E       F
            +---------+---------+-------+---------+---------+-------
      Total |      41 |       0 |   0.0 |      18 |       0 |   0.0
            +---------+---------+-------+---------+---------+-------
        D:1 |      22 |       0 |   0.0 |      14 |       0 |   0.0
        D:2 |      16 |       0 |   0.0 |       3 |       0 |   0.0
        D:3 |       3 |       0 |   0.0 |       1 |       0 |   0.0
            +---------+---------+-------+---------+---------+-------
